TOP OF THE 1ST |
---|
West Virginia Mountaineers batting - Pitching for Miami Hurricanes : RHP Matt White | Pitching: RHP Matt White | | Batting: RHB Víctor León | 0-0: Called Strike 0-1: Ball 1-1: Called Strike 1-2: Foul Ball, location: 2F 1-2: Strikes out swinging | Batting: SHB Darrel Harris | 0-0: Ball 1-0: Ball 2-0: Ball 3-0: Base on Balls | Batting: RHB David Randall | 0-0: Ball 1-0: Ball 2-0: Ball 3-0: Called Strike 3-1: Foul Ball, location: 2F 3-2: Base on Balls Darrel Harris to second | Batting: LHB Jeremy Howard | 0-0: Called Strike 0-1: Foul Ball, location: 2F 0-2: Strikes out swinging | Batting: LHB Juan Garza | 0-0: Ball 1-0: Foul Ball, location: 2F 1-1: DOUBLE (Flyball, 78D) Darrel Harris scores David Randall to third Runner from 3rd tries for Home, SAFE, no throw | Batting: LHB José Galindo | 0-0: Foul Ball, location: 2F 0-1: Called Strike 0-2: Ball 1-2: Ball 2-2: Foul Ball, location: 2F 2-2: 2-RUN HOME RUN (Flyball, 9LD), Distance : 315 ft | Batting: RHB Jeffrey Dunbar | 0-0: Ball 1-0: Foul Ball, location: 2F 1-1: Foul Ball, location: 2F 1-2: Ground out 4-3 (Groundball, 4) | Top of the 1st over - 4 runs, 2 hits, 0 errors, 0 left on base; West Virginia 4 - Miami 0 | BOTTOM OF THE 1ST |
---|
Miami Hurricanes batting - Pitching for West Virginia Mountaineers : RHP William Dixon | Pitching: RHP William Dixon | | Batting: RHB Thad Hunter | 0-0: Ground out 6-3 (Groundball, 6) | Batting: LHB José Méndez | 0-0: Called Strike 0-1: Ball 1-1: Ground out 4-3 (Groundball, 4) | Batting: RHB Stephen Segura | 0-0: Ball 1-0: Ball 2-0: Swinging Strike 2-1: Ball 3-1: Called Strike 3-2: Ground out 5-3 (Groundball, 56) | Bottom of the 1st over - 0 runs, 0 hits, 0 errors, 0 left on base; West Virginia 4 - Miami 0 | TOP OF THE 2ND |
---|
West Virginia Mountaineers batting - Pitching for Miami Hurricanes : RHP Matt White | Batting: RHB Chris Smith | 0-0: Called Strike 0-1: Ball 1-1: Fly out, F9 (Flyball, 9) | Batting: SHB George Murphy | 0-0: Ball 1-0: Called Strike 1-1: Called Strike 1-2: Strikes out swinging | Batting: RHB Víctor León | 0-0: Ball 1-0: Ground out 6-3 (Groundball, 6) | Top of the 2nd over - 0 runs, 0 hits, 0 errors, 0 left on base; West Virginia 4 - Miami 0 | BOTTOM OF THE 2ND |
---|
Miami Hurricanes batting - Pitching for West Virginia Mountaineers : RHP William Dixon | Batting: RHB Eric Hawkins | 0-0: Ball 1-0: Called Strike 1-1: Foul Ball, location: 2F 1-2: Foul Ball, location: 2F 1-2: Ball 2-2: Ball 3-2: Foul Ball, location: 2F 3-2: Foul Ball, location: 2F 3-2: Foul Ball, location: 2F 3-2: SOLO HOME RUN (Flyball, 78XD), Distance : 376 ft | Batting: RHB Joe Wild | 0-0: Ball 1-0: Ball 2-0: Called Strike 2-1: Swinging Strike 2-2: Foul Ball, location: 2F 2-2: Ball 3-2: Strikes out looking | Batting: RHB Eric Hillman | 0-0: Ball 1-0: Called Strike 1-1: Ball 2-1: Fly out, F9 (Flyball, 9) | Batting: RHB Zane Heath | 0-0: Foul Ball, location: 2F 0-1: Foul Ball, location: 2F 0-2: Strikes out swinging | Bottom of the 2nd over - 1 run, 1 hit, 0 errors, 0 left on base; West Virginia 4 - Miami 1 | TOP OF THE 3RD |
---|
West Virginia Mountaineers batting - Pitching for Miami Hurricanes : RHP Matt White | Batting: SHB Darrel Harris | 0-0: Ground out 4-3 (Groundball, 4) | Batting: RHB David Randall | 0-0: Called Strike 0-1: Ball 1-1: Ball 2-1: Foul Ball, location: 2F 2-2: Strikes out looking | Batting: LHB Jeremy Howard | 0-0: Called Strike 0-1: Foul Ball, location: 2F 0-2: Foul Ball, location: 2F 0-2: Ball 1-2: Fly out, F3 (Popup, 3F) | Top of the 3rd over - 0 runs, 0 hits, 0 errors, 0 left on base; West Virginia 4 - Miami 1 | BOTTOM OF THE 3RD |
---|
Miami Hurricanes batting - Pitching for West Virginia Mountaineers : RHP William Dixon | Batting: RHB Kevin Magee | 0-0: Called Strike 0-1: Ball 1-1: Called Strike 1-2: Ground out 6-3 (Groundball, 6) | Batting: LHB Walton Arnold | 0-0: Ball 1-0: Foul Ball, location: 2F 1-1: Ball 2-1: Foul Ball, location: 2F 2-2: Ball 3-2: Reached on error, E7 (Line Drive, 78S) | Batting: RHB Thad Hunter | 0-0: Called Strike 0-1: Called Strike 0-2: Strikes out swinging | Batting: LHB José Méndez | 0-0: Ball 1-0: Foul Ball, location: 2F 1-1: Foul Ball, location: 2F 1-2: Strikes out swinging | Bottom of the 3rd over - 0 runs, 0 hits, 1 error, 1 left on base; West Virginia 4 - Miami 1 | TOP OF THE 4TH |
---|
West Virginia Mountaineers batting - Pitching for Miami Hurricanes : RHP Matt White | Batting: LHB Juan Garza | 0-0: Called Strike 0-1: Ball 1-1: Foul Ball, location: 2F 1-2: Ball 2-2: Ball 3-2: Foul Ball, location: 2F 3-2: Foul Ball, location: 2F 3-2: Strikes out looking | Batting: LHB José Galindo | 0-0: Ball 1-0: Ball 2-0: SINGLE (Groundball, 3D) | Batting: RHB Jeffrey Dunbar | 0-0: Swinging Strike 0-1: Ball 1-1: Called Strike 1-2: Strikes out looking | Batting: RHB Chris Smith | 0-0: Foul Ball, location: 2F 0-1: Ball 1-1: SINGLE (Groundball, 34D) José Galindo to second Runner from 2nd tries for 3rd, SAFE, throw made to third | Batting: SHB George Murphy | 0-0: SINGLE (Flyball, 9LM) José Galindo scores Chris Smith to second Runner from 2nd tries for 3rd, SAFE, throw made to third | Batting: RHB Víctor León | 0-0: Called Strike 0-1: Fly out, F5 (Popup, 5SF) | Top of the 4th over - 1 run, 3 hits, 0 errors, 2 left on base; West Virginia 5 - Miami 1 | BOTTOM OF THE 4TH |
---|
Miami Hurricanes batting - Pitching for West Virginia Mountaineers : RHP William Dixon | Batting: RHB Stephen Segura | 0-0: Called Strike 0-1: Called Strike 0-2: Ball 1-2: Ground out 5-3 (Groundball, 5S) | Batting: RHB Eric Hawkins | 0-0: Foul Ball, location: 2F 0-1: Ball 1-1: Called Strike 1-2: Foul Ball, location: 2F 1-2: Ball 2-2: Foul Ball, location: 2F 2-2: Strikes out looking | Batting: RHB Joe Wild | 0-0: Called Strike 0-1: Foul Ball, location: 2F 0-2: Ball 1-2: Strikes out swinging | Bottom of the 4th over - 0 runs, 0 hits, 0 errors, 0 left on base; West Virginia 5 - Miami 1 | TOP OF THE 5TH |
---|
West Virginia Mountaineers batting - Pitching for Miami Hurricanes : RHP Matt White | Pitching: LHP George Brennan | | Batting: SHB Darrel Harris | 0-0: Called Strike 0-1: Ball 1-1: Ball 2-1: Ball 3-1: Foul Ball, location: 2F 3-2: Foul Ball, location: 2F 3-2: Foul Ball, location: 2F 3-2: Foul Ball, location: 2F 3-2: Foul Ball, location: 2F 3-2: Fly out, F6 (Popup, 4MD) | Batting: RHB David Randall | 0-0: Called Strike 0-1: Fly out, F7 (Flyball, 7LM) | Batting: LHB Jeremy Howard | 0-0: Ball 1-0: Called Strike 1-1: Foul Ball, location: 2F 1-2: Strikes out looking | Top of the 5th over - 0 runs, 0 hits, 0 errors, 0 left on base; West Virginia 5 - Miami 1 | BOTTOM OF THE 5TH |
---|
Miami Hurricanes batting - Pitching for West Virginia Mountaineers : RHP William Dixon | Batting: RHB Eric Hillman | 0-0: Ball 1-0: Ball 2-0: DOUBLE (Flyball, 8LD) | Batting: RHB Zane Heath | 0-0: Ball 1-0: Called Strike 1-1: Called Strike 1-2: Foul Ball, location: 2F 1-2: Foul Ball, location: 2F 1-2: Fly out, F1 (Line Drive, 15) | Pitching: RHP James Smith | | Batting: RHB Kevin Magee | 0-0: Called Strike 0-1: DOUBLE (Flyball, 8LD) Eric Hillman scores | Batting: LHB Walton Arnold | 0-0: Ball 1-0: Ball 2-0: Called Strike 2-1: SINGLE (Groundball, 3D) Kevin Magee to third Runner from 3rd tries for Home, throw and OUT! | Batting: RHB Thad Hunter | 0-0: Ball 1-0: Called Strike 1-1: Ball 2-1: Foul Ball, location: 2F 2-2: Foul Ball, location: 2F 2-2: Ball 3-2: SINGLE (Groundball, 34D) Walton Arnold to second Walton Arnold to third | Batting: LHB José Méndez | 0-0: Ball 1-0: Foul Ball, location: 2F 1-1: Fly out, F7 (Flyball, 78XD) | Bottom of the 5th over - 1 run, 4 hits, 0 errors, 2 left on base; West Virginia 5 - Miami 2 | TOP OF THE 6TH |
---|
West Virginia Mountaineers batting - Pitching for Miami Hurricanes : LHP George Brennan | Batting: LHB Juan Garza | 0-0: Ball 1-0: Foul Ball, location: 2F 1-1: Ball 2-1: SOLO HOME RUN (Flyball, 9LD), Distance : 334 ft | Batting: LHB José Galindo | 0-0: Called Strike 0-1: Fly out, F9 (Line Drive, 9) | Batting: RHB Jeffrey Dunbar | 0-0: Ball 1-0: Ball 2-0: Called Strike 2-1: Ground out 4-3 (Groundball, 34D) | Batting: RHB Chris Smith | 0-0: Swinging Strike 0-1: Foul Ball, location: 2F 0-2: Foul Ball, location: 2F 0-2: Ball 1-2: Strikes out swinging | Top of the 6th over - 1 run, 1 hit, 0 errors, 0 left on base; West Virginia 6 - Miami 2 | BOTTOM OF THE 6TH |
---|
Miami Hurricanes batting - Pitching for West Virginia Mountaineers : RHP James Smith | Batting: RHB Stephen Segura | 0-0: Ball 1-0: Ball 2-0: SINGLE (Line Drive, 6D) | Batting: RHB Eric Hawkins | 0-0: Called Strike 0-1: Foul Ball, location: 2F 0-2: Grounds into double play, 5-4-3 (Groundball, 56) | Batting: RHB Joe Wild | 0-0: Ball 1-0: Ball 2-0: Ball 3-0: Base on Balls | Batting: RHB Eric Hillman | 0-0: Ball 1-0: Fly out, F7 (Flyball, 7S) | Bottom of the 6th over - 0 runs, 1 hit, 0 errors, 1 left on base; West Virginia 6 - Miami 2 | TOP OF THE 7TH |
---|
West Virginia Mountaineers batting - Pitching for Miami Hurricanes : LHP George Brennan | Batting: SHB George Murphy | 0-0: Ground out 1-3 (Groundball, 13) | Batting: RHB Víctor León | 0-0: Ground out 5-3 (Groundball, 56S) | Batting: SHB Darrel Harris | 0-0: Ball 1-0: Called Strike 1-1: Swinging Strike 1-2: SOLO HOME RUN (Flyball, 7LD), Distance : 334 ft | Batting: RHB David Randall | 0-0: Called Strike 0-1: DOUBLE (Flyball, 89D) | Batting: LHB Jeremy Howard | 0-0: Ball 1-0: Foul Ball, location: 2F 1-1: Ball 2-1: Fly out, F4 (Line Drive, 4) | Top of the 7th over - 1 run, 2 hits, 0 errors, 1 left on base; West Virginia 7 - Miami 2 | BOTTOM OF THE 7TH |
---|
Miami Hurricanes batting - Pitching for West Virginia Mountaineers : RHP James Smith | Batting: RHB Zane Heath | 0-0: Ball 1-0: Ball 2-0: Called Strike 2-1: Ball 3-1: Base on Balls | Batting: RHB Kevin Magee | 0-0: Foul Ball, location: 2F 0-1: Ball 1-1: Ball 2-1: Swinging Strike 2-2: Ball 3-2: Base on Balls Zane Heath to second | Batting: LHB Walton Arnold | 0-0: Ball 1-0: Called Strike 1-1: Ground out 4-3 (Groundball, 4S) Zane Heath to third Kevin Magee to second | Batting: RHB Thad Hunter | 0-0: Ball 1-0: Ball 2-0: Ball 3-0: Base on Balls | Batting: LHB José Méndez | 0-0: Ball 1-0: Fly out, F4 (Popup, 4) | Batting: RHB Stephen Segura | 0-0: Ball 1-0: Ball 2-0: Ball 3-0: Called Strike 3-1: Called Strike 3-2: Fly out, F9 (Flyball, 9) | Bottom of the 7th over - 0 runs, 0 hits, 0 errors, 3 left on base; West Virginia 7 - Miami 2 | TOP OF THE 8TH |
---|
West Virginia Mountaineers batting - Pitching for Miami Hurricanes : LHP George Brennan | Batting: LHB Juan Garza | 0-0: Called Strike 0-1: Called Strike 0-2: Foul Ball, location: 2F 0-2: SOLO HOME RUN (Flyball, 9LD), Distance : 327 ft | Batting: LHB José Galindo | 0-0: Ball 1-0: Ball 2-0: SINGLE (Groundball, 4MD) | Batting: RHB Jeffrey Dunbar | 0-0: Ball 1-0: Foul Ball, location: 2F 1-1: Swinging Strike 1-2: Ball 2-2: Foul Ball, location: 2F 2-2: Fly out, F5 (Line Drive, 56S) | Pitching: RHP Mike Davis | | Batting: RHB Chris Smith | 0-0: Ball 1-0: Called Strike 1-1: Ball 2-1: Foul Ball, location: 2F 2-2: Ball 3-2: Foul Ball, location: 2F 3-2: SINGLE (Line Drive, 89S) José Galindo to second Runner from 2nd tries for 3rd, OUT! | Batting: SHB George Murphy | 0-0: Ball 1-0: Ball 2-0: Ball 3-0: Called Strike 3-1: Base on Balls Chris Smith to second | Batting: RHB Víctor León | 0-0: Called Strike 0-1: Foul Ball, location: 2F 0-2: Foul Ball, location: 2F 0-2: Ground out 4-3 (Groundball, 4D) | Top of the 8th over - 1 run, 3 hits, 0 errors, 2 left on base; West Virginia 8 - Miami 2 | BOTTOM OF THE 8TH |
---|
Miami Hurricanes batting - Pitching for West Virginia Mountaineers : RHP James Smith | Batting: RHB Eric Hawkins | 0-0: Ball 1-0: Called Strike 1-1: Foul Ball, location: 2F 1-2: Ball 2-2: Ball 3-2: SINGLE (Groundball, 6MS) (infield hit) | Pitching: LHP Josh Fritz | | Batting: RHB Joe Wild | 0-0: Ball 1-0: Foul Ball, location: 2F 1-1: 2-RUN HOME RUN (Flyball, 7LD), Distance : 337 ft | Batting: RHB Eric Hillman | 0-0: Ball 1-0: Foul Ball, location: 2F 1-1: Ground out U3 (Groundball, 34) | Batting: RHB Zane Heath | 0-0: Ball 1-0: Called Strike 1-1: Swinging Strike 1-2: Strikes out swinging | Batting: RHB Kevin Magee | 0-0: Ball 1-0: Ground out 6-3 (Groundball, 6M) | Bottom of the 8th over - 2 runs, 2 hits, 0 errors, 0 left on base; West Virginia 8 - Miami 4 | TOP OF THE 9TH |
---|
West Virginia Mountaineers batting - Pitching for Miami Hurricanes : RHP Mike Davis | Pitching: RHP Luis Espinoza | | Batting: SHB Darrel Harris | 0-0: Ball 1-0: Called Strike 1-1: Ground out 5-3 (Groundball, 56) | Batting: RHB David Randall | 0-0: Called Strike 0-1: Fly out, F4 (Popup, 4M) | Batting: LHB Jeremy Howard | 0-0: Called Strike 0-1: Swinging Strike 0-2: Ball 1-2: Ball 2-2: Ball 3-2: Foul Ball, location: 2F 3-2: Base on Balls | Batting: LHB Juan Garza | 0-0: Called Strike 0-1: Ball 1-1: Foul Ball, location: 2F 1-2: Strikes out looking | Top of the 9th over - 0 runs, 0 hits, 0 errors, 1 left on base; West Virginia 8 - Miami 4 | BOTTOM OF THE 9TH |
---|
Miami Hurricanes batting - Pitching for West Virginia Mountaineers : LHP Josh Fritz | Pitching: RHP Jorge González | | Batting: LHB Walton Arnold | 0-0: Swinging Strike 0-1: Foul Ball, location: 2F 0-2: Ball 1-2: Strikes out looking | Batting: RHB Thad Hunter | 0-0: Fly out, F8 (Flyball, 8RM) | Batting: LHB José Méndez | 0-0: Ball 1-0: Swinging Strike 1-1: Foul Ball, location: 2F 1-2: Foul Ball, location: 2F 1-2: Ball 2-2: Foul Ball, location: 2F 2-2: Ball 3-2: Foul Ball, location: 2F 3-2: Foul Ball, location: 2F 3-2: Base on Balls | Batting: RHB Stephen Segura | 0-0: Ball 1-0: Called Strike 1-1: Called Strike 1-2: Foul Ball, location: 2F 1-2: Ground out 5-3 (Groundball, 56S) | Bottom of the 9th over - 0 runs, 0 hits, 0 errors, 1 left on base; West Virginia 8 - Miami 4 | |